 Dungeon Crawl Stone Soup version 0.29.1-2-gbd0b4ee654 (webtiles) character file.

Game seed: 13006011554332769609

1466 CryoSword the Cleaver (level 8, -1/63 HPs)
             Began as a Ghoul Fighter on Nov 8, 2022.
             Was an Initiate of Makhleb.
             Slain by a centaur (3 damage)
             ... on level 6 of the Dungeon.
             The game lasted 00:07:28 (5511 turns).

CryoSword the Cleaver (Ghoul Fighter)               Turns: 5511, Time: 00:07:29

Health: -1/63      AC:  7    Str: 22    XL:     8   Next: 77%
Magic:  7/7        EV:  9    Int:  3    God:    Makhleb [......]
Gold:   304        SH:  9    Dex:  8    Spells: 7/7 levels left

rFire   . . .      SeeInvis .   a - +0 hand axe
rCold   + . .      Faith    .   c - +0 buckler
rNeg    + + +      Spirit   .   b - +1 scale mail
rPois   ∞          Reflect  +   (no helmet)
rElec   .          Harm     .   (no cloak)
rCorr   .          Rampage  .   (no gloves)
Will    .....                   (no boots)
Stlth   ..........              e - amulet of reflection
HPRegen 0.00/turn               m - ring of wizardry
MPRegen 0.10/turn               (no ring)

@: weak-willed, inhibited regen
A: claws 1, cold resistance 1, negative energy resistance 3, inhibited
regeneration, torment resistance 2, devour on kill
a: Renounce Religion


You were on level 6 of the Dungeon.
You worshipped Makhleb.
Makhleb was noncommittal.
You visited 2 branches of the dungeon, and saw 7 of its levels.

You collected 304 gold pieces.

Inventory:

Hand Weapons
 a - a +0 hand axe (weapon)
   (You took it off an orc on level 4 of the Dungeon)
 w - a +0 war axe
Missiles
 j - a boomerang
Armour
 b - a +1 scale mail (worn)
 c - a +0 buckler (worn)
Jewellery
 e - an amulet of reflection (around neck)
   (You found it on level 1 of the Dungeon)
 m - a ring of wizardry (left claw)
   (You found it on level 4 of the Dungeon)
Wands
 o - a wand of flame (27) (quivered)
   (You found it on level 5 of the Dungeon)
Scrolls
 h - a scroll of magic mapping
Potions
 g - a potion of curing {@q1}
 i - a potion of flight
 p - a potion of attraction {unknown}


   Skills:
 - Level 3.2 Fighting
 + Level 9.9 Axes
 - Level 2.6 Armour
 - Level 2.6 Shields


You had 7 spell levels left.
You didn't know any spells.
Your spell library contained the following spells:

 Spells                   Type           Power      Damage    Failure   Level
 Apportation              Tloc           0%         N/A       61%         1
 Necrotise                Necr           0%         1d4       61%         1
 Summon Small Mammal      Summ           0%         N/A       61%         1


Dungeon Overview and Level Annotations

Branches:
Dungeon (6/15)             Temple (1/1) D:5

Altars:
Ashenzari
Cheibriados
Dithmenos
Fedhas
Gozag
Hepliaklqana
Kikubaaqudgha
Makhleb
Nemelex Xobeh
Okawaru
Qazlal
Ru
Sif Muna
Trog
Uskayaw
Vehumet
Wu Jian
Xom
Yredelemnul

Shops:
D:3 :

Annotations:
D:5 Dowan, Duvessa


Innate Abilities, Weirdness & Mutations

You are immune to poison.
You have sharp fingernails.
Your flesh is cold resistant. (rC+)
You are immune to negative energy. (rN+++)
You do not regenerate when monsters are visible.
You are immune to unholy pain and torment.
You thrive by killing the living.


Message History

Adjust to which letter? (? for menu, Esc to quit)
a - a +0 hand axe (weapon)
Could not explore, unopened door.
You open the door.
There is an open door here.
There is an open door, spattered with blood here.
Things that are here:
a +1 whip of electrocution; a +0 robe; a hound skeleton You see here a +2 rapier of electrocution.
Could not explore, unopened door.
You open the door.
There is an open door here.
You now have 304 gold pieces (gained 15).
Could not explore, unopened door.
You open the door.
There is an open door here.
Could not explore, unopened door.
You open the door.
Found a stone staircase leading down.
There is an open door here.
There is an open door here.
There is an open door here.
There is an open door here.
There is an open door here.
There is an open door here.
There is an open door here.
You open the door.
There is an open door here.
There is an open door here.
There is an open door, spattered with blood here.
Things that are here:
a +1 whip of electrocution; a +0 robe You see here a +0 short sword.
There is an open door here.
Dowan shouts!
Dowan mumbles some strange words.
Dowan blinks!
There are monsters nearby!
Dowan casts a spell.
Dowan blinks!
You see here a potion of berserk rage.
There is an open door here.
There is an open door here.
Duvessa shouts!
Dowan says, "Stay away from my face!"
There is an open door here.
There is an open door here.
You start waiting.
Duvessa is nearby!
Duvessa is nearby!
You start waiting.
Duvessa is nearby!
Unknown command.
You hit Duvessa but do no damage. Duvessa barely misses you.
You barely miss Duvessa. You hit Duvessa but do no damage.
You hit Duvessa but do no damage. You hit Dowan but do no damage.
Duvessa hits you with a +0 rapier. Dowan completely misses you.
You hit Duvessa. You hit Dowan. Duvessa hits you but does no damage.
You block Dowan's attack.
You barely miss Duvessa. You closely miss Dowan.
Duvessa hits you but does no damage. Dowan hits you but does no damage.
You barely miss Duvessa. You hit Dowan. You block Duvessa's attack.
Dowan hits you with a +0 dagger.
You hit Duvessa but do no damage. You barely miss Dowan.
You block Duvessa's attack.
You hit Duvessa but do no damage. You hit Dowan but do no damage.
Dowan closely misses you.
You hit Duvessa. You barely miss Dowan. Duvessa hits you with a +0 rapier.
Dowan points at you and mumbles some strange words.
You resist with some effort.
You closely miss Duvessa. You miss Dowan. Duvessa hits you with a +0 rapier.
Dowan hits you but does no damage.
You hit Duvessa. You closely miss Dowan. You block Duvessa's attack.
Dowan gestures at you while chanting. The puff of flame hits you.
The air fills with toxic fumes!
As you read the scroll labelled FEEBOY RIBBASS, it crumbles to dust.
It was a scroll of poison.
You block Duvessa's attack. Dowan hits you with a +0 dagger.
Dowan attacks as you move away! Dowan barely misses you.
Duvessa hits you with a +0 rapier!
* * * LOW HITPOINT WARNING * * *
Duvessa attacks as you move away! Duvessa hits you with a +0 rapier!
* * * LOW HITPOINT WARNING * * *
Dowan says, "Stay away from my face!"
Okay, then.
Aim: Duvessa, wielding a +0 rapier and wearing a +0 scale mail (lightly wounded, 77% to hit)
The puff of flame hits Duvessa.
As you read the scroll labelled USHRITHREMOCE, it crumbles to dust.
Magic quickly surges around you.
It was a scroll of vulnerability.
As you read the scroll labelled ZUAFANE EJEOC, it crumbles to dust.
It is a scroll of enchant armour.
Your +0 scale mail glows green for a moment.
Dowan gestures at you while chanting.
You are outlined in light.
Dowan gestures wildly while chanting.
Dowan blinks!
There is an open door here.
Dowan hits you but does no damage.
Dowan points at Duvessa and mumbles some strange words.
Duvessa seems to speed up.
Duvessa attacks as you move away! You block Duvessa's attack.
There is an open door here.
Duvessa closely misses you.
Okay, then.
Okay, then.
Duvessa attacks as you move away! You block Duvessa's attack.
Duvessa hits you with a +0 rapier.
* * * LOW HITPOINT WARNING * * *
Duvessa attacks as you move away! Duvessa hits you but does no damage.
Dowan points at you and mumbles some strange words.
The puff of frost reflects off an invisible shield around you!
The puff of frost hits Dowan!
Duvessa hits you with a +0 rapier.
* * * LOW HITPOINT WARNING * * *
There is a stone staircase leading down here.
Duvessa closely misses you.
You climb downwards.
The centaur shouts!
There is a stone staircase leading up here.
You are no longer glowing.
The centaur wields a +1 shortbow of freezing.
It is covered in frost.
The centaur shoots an arrow.
You reflect the arrow off an invisible shield around you!
The arrow barely misses the centaur.
You start resting.
A centaur is nearby!
The centaur shoots an arrow.
You reflect the arrow off an invisible shield around you!
The arrow barely misses the centaur.
The centaur shoots an arrow.
The arrow hits you.
* * * LOW HITPOINT WARNING * * *
The centaur shoots an arrow.
The arrow hits you.
* * * LOW HITPOINT WARNING * * *
The arrow freezes you.
* * * LOW HITPOINT WARNING * * *
The centaur unwields a +1 shortbow of freezing.
The centaur hits you but does no damage.
You block the centaur's attack.
The centaur hits you but does no damage.
The centaur kicks you but does no damage.
You hit the centaur but do no damage. The centaur closely misses you.
The centaur kicks you but does no damage.
Okay, then.
You slash the centaur!
The centaur hits you but does no damage.
You block the centaur's attack.
You hit the centaur. The centaur hits you.
You die...

#.# #.# #.#
###.# ##.#.#
####....#####
+.....<.....#
####...c###.#
#..#@# #.##.#
#....# #.####
#


You could see a centaur.

Vanquished Creatures
  Pikel (D:5)
  A water moccasin (D:5)
  An ogre (D:5)
  A centaur (D:5)
  A phantom (D:4)
  2 lemures
  A necrophage (D:4)
  3 scorpions (D:4)
  A hound (D:5)
  2 orc priests (D:5)
  3 iguanas
  An orc wizard (D:5)
  Natasha (twice) (D:2)
  5 adders
  A white imp (D:5)
  2 worms
  4 dart slugs
  8 orcs
  11 endoplasms
  4 giant cockroaches
  3 goblins
  3 hobgoblins
  6 jackals
  3 quokkas (D:3)
  8 ball pythons
  3 bats
  3 frilled lizards
  3 kobolds (D:2)
  3 rats
90 creatures vanquished.

Vanquished Creatures (collateral kills)
  Natasha (D:2)
1 creature vanquished.

Vanquished Creatures (others)
  3 demonic plants (D:2)
  3 fungi (D:2)
  4 plants (D:2)
  A withered plant (D:2)
11 creatures vanquished.

Grand Total: 102 creatures vanquished

Notes
Turn   | Place    | Note
-------+----------+-------------------------------------------
     0 | D:1      | CryoSword the Ghoul Fighter began the quest for the Orb.
     0 | D:1      | Reached XP level 1. HP: 19/19 MP: 0/0
    18 | D:1      | Reached skill level 2 in Axes
   128 | D:1      | Reached XP level 2. HP: 25/26 MP: 1/1
   353 | D:1      | Reached skill level 3 in Axes
   704 | D:2      | Reached XP level 3. HP: 31/31 MP: 2/2
   754 | D:2      | Found a faded altar of an unknown god.
  1240 | D:2      | Noticed Natasha
  1252 | D:2      | Killed Natasha
  1613 | D:2      | Reached XP level 4. HP: 36/38 MP: 3/3
  1728 | D:2      | Noticed Natasha
  1742 | D:2      | Killed Natasha
  1743 | D:2      | Reached skill level 4 in Axes
  1876 | D:2      | Noticed Natasha
  1884 | D:2      | Killed Natasha
  2010 | D:2      | Reached XP level 5. HP: 45/45 MP: 4/4
  2213 | D:3      | Found Ynuiniff's Book Emporium.
  2332 | D:3      | Reached skill level 5 in Axes
  2722 | D:4      | Reached XP level 6. HP: 36/51 MP: 5/5
  2840 | D:4      | Reached skill level 6 in Axes
  3158 | D:4      | Reached XP level 7. HP: 40/57 MP: 6/6
  3291 | D:4      | Reached skill level 7 in Axes
  3397 | D:5      | Entered Level 5 of the Dungeon
  3540 | D:5      | HP: 1/57 [water moccasin (8)]
  3543 | D:5      | Reached skill level 8 in Axes
  3543 | D:5      | Reached XP level 8. HP: 23/63 MP: 7/7
  3791 | D:5      | Found a staircase to the Ecumenical Temple.
  3802 | Temple   | Entered the Ecumenical Temple
  4021 | Temple   | Became a worshipper of Makhleb the Destroyer
  4138 | D:5      | Found a sacrificial altar of Ru.
  4138 | D:5      | Noticed Duvessa
  4138 | D:5      | Noticed Dowan
  4546 | D:5      | Noticed Pikel
  4974 | D:5      | Killed Pikel
  4975 | D:5      | Reached skill level 9 in Axes
  4978 | D:5      | HP: 1/63 [hound (4)]
  5507 | D:6      | HP: 3/63 [centaur/arrow (3)]
  5511 | D:6      | Slain by a centaur

Illustrated notes

Levels and vault maps discovered:
D:1:      amcnicky_arrival_double_pillar, layout_basic
D:2:      layout_basic, shapermc_ecumenical_altar_gd, uniq_natasha
D:3:      layout_basic, serial_shops, nicolae_square_shop
D:4:      layout_cave_pools
D:5:      layout_gridville, nicolae_ru_sacrificial_ziggurat,
          minmay_temple_entry_glassed_door, uniq_pikel, uniq_duvessa,
          uniq_eustachio
D:6:      layout_loops_corners
Temple:   mainiacjoe_temple_archimedes_tessellation

Skill      XL: |  1  2  3  4  5  6  7  8 |
---------------+-------------------------+-----
Axes           | 2 3 4 5 6 8 9 |  9.9
Fighting       | |  3.2
Armour         | |  2.6
Shields        | |  2.6

Action                   |  1- 3 |  4- 6 |  7- 9 || total
-------------------------+-------+-------+-------++-------
Melee: War axe           |    68 |    94 |    23 ||   185
       Hand axe          |       |    62 |   125 ||   187
Evoke: Wand              |       |       |     1 ||     1
  Use: Scroll            |     6 |     2 |     5 ||    13
       Potion            |       |     1 |     3 ||     4
Armor: Scale mail        |    34 |    36 |    35 ||   105
Dodge: Dodged            |    35 |    52 |    53 ||   140
Block: Buckler           |    15 |    79 |    79 ||   173
       Reflection        |       |       |     8 ||     8
